 Dungeon Sprint DCSS version 0.30.0-13-g156ef70053 (webtiles) character file.

Game seed: 17772862462623406605

1743 Monkooky the Imperceptible (level 9, 0/48 HPs)
             Began as a Kobold Brigand on May 17, 2023.
             Was a Priest of Uskayaw.
             Slain by a demonic crawler (3 damage)
             ... in the Dungeon (Sprint I: "Red Sonja").
             The game lasted 00:02:39 (193 turns).

Monkooky the Imperceptible (Kobold Brigand)          Turns: 193, Time: 00:02:40

Health: 0/48       AC:  3    Str:  9    XL:     9   Next: 26%
Magic:  8/15       EV: 14    Int: 12    God:    Uskayaw [***...]
Gold:   477        SH:  0    Dex: 20    Spells: 8/8 levels left

rFire   . . .        m - +2 dagger (pain)
rCold   . . .        (no shield)
rNeg    . . .        b - +0 robe
rPois   .            (no helmet)
rElec   .            c - +0 cloak
rCorr   .            (no gloves)
SInv    .            (no boots)
Will    .....        (no amulet)
Stlth   +++++++++    (no ring)
HPRegen 0.28/turn    (no ring)
MPRegen 0.14/turn

%: no teleportation
@: no status effects
A: small, no large weapons, nightstalker 3
a: Renounce Religion, Stomp, Line Pass


You were in the Dungeon.
You worshipped Uskayaw.
Uskayaw was aware of your devotion.
You visited 1 branch You collected 477 gold pieces.

Inventory:

Hand Weapons
 a - a +2 dagger
 m - a +2 dagger of pain (weapon)
Missiles
 d - 8 poisoned darts (quivered)
 e - 5 curare-tipped darts
Armour
 b - a +0 robe (worn)
 c - a +0 cloak (worn)
Wands
 l - a wand of digging (7)
Scrolls
 k - a scroll of blinking
Potions
 f - a potion of curing
 g - a potion of heal wounds
 h - a potion of haste
 i - 2 potions of magic
 j - a potion of berserk rage


   Skills:
 - Level 2.1 Fighting
 - Level 10.0 Short Blades
 - Level 2.1 Throwing
 - Level 1.2 Dodging
 - Level 22.4 Stealth
 * Level 9.1 Invocations


You had 8 spell levels left.
You didn't know any spells.
Your spell library was empty.

Dungeon Overview and Level Annotations

Branches:
Dungeon (1/1)

Altars:
Cheibriados
Dithmenos
Elyvilon
Fedhas
Gozag
Hepliaklqana
Kikubaaqudgha
Makhleb
Nemelex Xobeh
Okawaru
Qazlal
Ru
Sif Muna
Trog
Uskayaw
Vehumet
Wu Jian
Xom
Yredelemnul
Zin
The Shining One
Jiyva
Lugonu

Shops:
D [


Innate Abilities, Weirdness & Mutations

You are small and have problems with some larger weapons.
You are completely attuned to the shadows.


Message History

You open the door.
Found 108 gold pieces.
There is an open door here.
You can no longer pass through a line of other dancers.
You now have enough gold to buy the +3 pair of mountain boots {steadfast, rC+} on this level.
You can access your shopping list by pressing '$'.
You now have 450 gold pieces (gained 27).
You now have 477 gold pieces (gained 27).
You open the door.
A kobold demonologist comes into view. It is wielding a +0 dagger.
A floating eye and a kobold demonologist come into view.
There is an open door here.
The helpless kobold demonologist fails to defend itself.
You stick the kobold demonologist like a pincushion!!!!!
You kill the kobold demonologist!
You can now pass through a line of other dancers.
Your Invocations skill gained 6 levels and is now at level 6!
You have reached level 9!
Your experience leads to an increase in your attributes!
Increase (S)trength, (I)ntelligence, or (D)exterity?
You feel agile. x2
The helpless floating eye fails to defend itself.
You spit the floating eye like a pig!!!!!
You kill the floating eye!
Your Invocations skill increases to level 7!
The helpless kobold demonologist fails to defend itself.
You perforate the kobold demonologist like a sieve!!!!!
You kill the kobold demonologist!
Uskayaw will force your foes to helplessly watch your dance.
Your Invocations skill gained 2 levels and is now at level 9!
You open the door. 4 demonic crawlers come into view.
The demonic crawler gives a hideous shriek! x4
The demonic crawler hits you! The demonic crawler misses you.
The demonic crawler hits you. x2; The demonic crawler hits you!
* * * LOW HITPOINT WARNING * * *
The demonic crawler hits you!
* * * LOW HITPOINT WARNING * * *
The demonic crawler closely misses you. The demonic crawler hits you.
You die...

#################
#..'..#__#$$'..)#
'..#..'..'..#...##+#
#####'#__####)..@ss#
#...#.#### #####ss+
#..##[# +## ##'#_.+
.'..._# ##_.#+#
###'# ###.## .'...+


You could see 4 demonic crawlers.

Vanquished Creatures
  Sonja (D)
  2 kobold demonologists (D)
  A slime creature (D)
  Sigmund (D)
  A yak (D)
  A floating eye (D)
  An ogre (D)
  A jelly (D)
  Ijyb (D)
10 creatures vanquished.

Notes
Turn   | Place    | Note
-------+----------+-------------------------------------------
     0 | D        | Monkooky the Kobold Brigand began the quest for the Orb.
     0 | D        | Reached XP level 1. HP: 12/12 MP: 1/1
     1 | D        | Noticed Ijyb
     4 | D        | Killed Ijyb
     5 | D        | Reached skill level 9 in Stealth
     5 | D        | Reached XP level 2. HP: 17/17 MP: 2/2
     5 | D        | Reached XP level 3. HP: 21/21 MP: 3/3
     8 | D        | Noticed an ogre
    11 | D        | Killed an ogre
    12 | D        | Reached skill level 13 in Stealth
    12 | D        | Reached XP level 4. HP: 26/26 MP: 4/4
    12 | D        | Reached XP level 5. HP: 30/30 MP: 5/5
    20 | D        | Noticed Sigmund
    38 | D        | Killed Sigmund
    39 | D        | Reached skill level 17 in Stealth
    39 | D        | Reached XP level 6. HP: 30/35 MP: 6/6
    80 | D        | Found an ornate altar of the Wu Jian Council.
    81 | D        | Found a shimmering blue altar of Sif Muna.
    82 | D        | Found a radiant altar of Vehumet.
    89 | D        | Found a hazy altar of Hepliaklqana.
    89 | D        | Found a stormy altar of Qazlal.
    89 | D        | Found a hide-covered altar of Uskayaw.
    89 | D        | Found a blossoming altar of Fedhas.
    89 | D        | Noticed a yak
    90 | D        | Found Sumnunoh's Armour Emporium.
    90 | D        | Found a bloodstained altar of Trog.
    90 | D        | Found an opulent altar of Gozag.
    90 | D        | Found a snail-covered altar of Cheibriados.
    91 | D        | Killed a yak
    92 | D        | Reached skill level 10 in Short Blades
    92 | D        | Reached XP level 7. HP: 40/40 MP: 7/7
    92 | D        | Found an iron altar of Okawaru.
    92 | D        | Found a sparkling altar of Nemelex Xobeh.
    92 | D        | Found a sacrificial altar of Ru.
    92 | D        | Found a glowing silver altar of Zin.
    93 | D        | Found an ancient bone altar of Kikubaaqudgha.
    93 | D        | Found a basalt altar of Yredelemnul.
    93 | D        | Found a glowing golden altar of the Shining One.
    93 | D        | Found a shadowy altar of Dithmenos.
    93 | D        | Found a white marble altar of Elyvilon.
   133 | D        | Became a worshipper of Uskayaw the Reveller
   140 | D        | Noticed Sonja
   144 | D        | Killed Sonja
   144 | D        | Reached * piety under Uskayaw
   145 | D        | Reached skill level 21 in Stealth
   145 | D        | Reached XP level 8. HP: 44/44 MP: 8/8
   173 | D        | Found a viscous altar of Jiyva.
   173 | D        | Found a corrupted altar of Lugonu.
   173 | D        | Noticed a slime creature
   174 | D        | Found a burning altar of Makhleb.
   174 | D        | Found a shimmering altar of Xom.
   176 | D        | Killed a slime creature
   176 | D        | Reached ** piety under Uskayaw
   177 | D        | Reached skill level 22 in Stealth
   184 | D        | Noticed a kobold demonologist
   185 | D        | Noticed a kobold demonologist
   187 | D        | Killed a kobold demonologist
   188 | D        | Reached XP level 9. HP: 48/48 MP: 8/13
   190 | D        | Killed a kobold demonologist
   190 | D        | Reached *** piety under Uskayaw
   192 | D        | Noticed a demonic crawler
   192 | D        | Noticed a demonic crawler
   192 | D        | Noticed a demonic crawler
   192 | D        | Noticed a demonic crawler
   193 | D        | Slain by a demonic crawler

Illustrated notes

Levels and vault maps discovered:
D:        dungeon_sprint_1 [red_sonja_temple_1, red_sonja_temple_small_1]

Skill      XL: |  1  2  3  4  5  6  7  8  9 |
---------------+----------------------------+-----
Stealth        | 9 13 17 21 22 | 22.4
Short Blades   | 10 | 10.0
Invocations    | 6 9 |  9.1
Fighting       | |  2.1
Throwing       | |  2.1
Dodging        | |  1.2

Action                     |  1- 3 |  4- 6 |  7- 9 || total
---------------------------+-------+-------+-------++-------
  Melee: Dagger            |     2 |     4 |     5 ||    11
  Throw: Dart              |       |     6 |       ||     6
   Stab: Sleeping          |     2 |     2 |     5 ||     9
  Dodge: Dodged            |       |     2 |     2 ||     4
